 Dungeon Crawl Stone Soup version 0.28-a0-1167-g616b1c6417 (webtiles) character file.

Game seed: 9458883684595509954

137494 Peloso the Warrior (level 16, -8/159 HPs)
             Began as a Minotaur Fighter on Dec 15, 2021.
             Was the Champion of Okawaru.
             Drowned by a drowned soul (17 damage)
             ... summoned by a merfolk avatar
             ... on level 1 of the Shoals on Dec 16, 2021.
             The game lasted 01:44:26 (40634 turns).

Peloso the Warrior (Minotaur Fighter)              Turns: 40634, Time: 01:44:27

Health: -8/159     AC: 30    Str: 37    XL:     16   Next: 69%
Magic:  15/15      EV: 14    Int:  5    God:    Okawaru [******]
Gold:   2655       SH: 14    Dex: 23    Spells: 15/15 levels left

rFire   . . .      SeeInvis .   a - +6 double sword (vamp)
rCold   + . .      Faith    .   c - +0 buckler {rN+}
rNeg    + . .      Spirit   .   y - +4 plate armour {Will+}
rPois   +          Reflect  +   I - +0 hat {Will+}
rElec   .          Harm     .   P - +2 cloak {Will+}
rCorr   .          Rampage  .   u - +1 pair of gloves {Str+3}
Will    ++++.                   s - +0 pair of boots
Stlth   ..........              l - amulet of reflection
HPRegen 0.36/turn               x - ring "Ifodyig" {Str+3 Dex+6 Slay+3}
MPRegen 0.14/turn               p - ring "Fucuwniq" {rPois rC+ Str+3 Dex+6 Stlth+}

@: very slow
A: horns 2, retaliatory headbutt, low mp 1
a: Renounce Religion, Heroism, Finesse, Duel


You were on level 1 of the Shoals.
You worshipped Okawaru.
Okawaru was exalted by your worship.
You visited 5 branches of the dungeon, and saw 24 of its levels.
You also visited: Bailey, Gauntlet and Volcano.

You collected 4118 gold pieces.
You spent 1463 gold pieces at shops.

Inventory:

Hand Weapons
 a - a +6 vampiric double sword (weapon)
 b - a +3 scimitar of flaming
Missiles
 A - a throwing net (quivered)
Armour
 c - a +0 buckler of positive energy (worn)
 h - a +3 plate armour of fire resistance
 m - the +2 chain mail of Hidat {Dex+6 Slay+3}
   (You found it on level 1 of the Shoals)

   Dex:       It affects your dexterity (+6).
   Slay:      It affects your accuracy & damage with ranged weapons and melee
   (+3).
 s - a +0 pair of boots (worn)
 u - a +1 pair of gloves of strength (worn)
 y - a +4 plate armour of willpower (worn)
 D - the +1 chain mail of Fakair {rCorr Slay+4}
   (You found it on level 8 of the Dungeon)

   Slay:      It affects your accuracy & damage with ranged weapons and melee
   (+4).
   rCorr:     It protects you from acid and corrosion.
 I - a +0 hat of willpower (worn)
 P - a +2 cloak of willpower (worn)
Jewellery
 g - a ring of willpower
 l - an amulet of reflection (around neck)
 p - the ring "Fucuwniq" (right hand) {rPois rC+ Str+3 Dex+6 Stlth+}
   (You bought it in a shop on level 2 of the Orcish Mines)

   [ring of dexterity]

   Str:       It affects your strength (+3).
   Dex:       It affects your dexterity (+6).
   rC:        It protects you from cold.
   rPois:     It protects you from poison.
   Stlth:     It makes you more stealthy.
 x - the ring "Ifodyig" (left hand) {Str+3 Dex+6 Slay+3}
   (You found it in a Gauntlet)

   [ring of dexterity]

   Str:       It affects your strength (+3).
   Dex:       It affects your dexterity (+6).
   Slay:      It affects your accuracy & damage with ranged weapons and melee
   (+3).
Wands
 e - a wand of paralysis (2)
 k - a wand of iceblast (12)
 B - a wand of flame (9)
Scrolls
 d - a scroll of enchant armour
 i - 6 scrolls of fear
 j - 6 scrolls of immolation
 r - 7 scrolls of teleportation
 t - 7 scrolls of identify
 v - a scroll of fog
 C - 2 scrolls of blinking
 E - a scroll of noise
 U - a scroll of magic mapping
Potions
 f - 5 potions of haste
 n - 5 potions of mutation
 o - a potion of berserk rage
 q - 5 potions of flight
 w - 7 potions of curing
 z - a potion of brilliance
 J - 2 potions of resistance
 W - 5 potions of heal wounds


   Skills:
 + Level 18.9 Fighting
 + Level 4.7(12.2) Short Blades
 + Level 18.7(19.0) Long Blades
 + Level 2.5 Polearms
 + Level 17.6 Armour
 + Level 6.8 Dodging
 + Level 3.4 Stealth
 + Level 15.2 Shields
 + Level 0.5 Unarmed Combat
 + Level 2.6 Invocations
 + Level 1.4 Evocations


You had 15 spell levels left.
You didn't know any spells.
Your spell library contained the following spells:

 Spells                   Type           Power      Damage    Failure   Level
 Foxfire                  Conj/Fire      0%         2x1d4     88%         1
 Magic Dart               Conj           0%         1d3       88%         1
 Blink                    Tloc           0%         N/A       96%         2
 Passwall                 Tmut/Erth      0%         N/A       96%         2
 Sublimation of Blood     Necr           0%         N/A       96%         2
 Wereblood                Tmut           0%         N/A       96%         2
 Lesser Beckoning         Tloc           0%         N/A       99%         3
 Mephitic Cloud           Conj/Pois/Air  0%         N/A       99%         3
 Ozocubu's Armour         Ice            0%         N/A       99%         3
 Swiftness                Air            0%         N/A       99%         3
 Flame Wave               Conj/Fire      0%         2d4       100%        4
 Sticky Flame             Conj/Fire      0%         2d3       100%        4
 Manifold Assault         Tloc           0%         N/A       100%        5
 Metabolic Englaciation   Hex/Ice        0%         N/A       100%        5
 Ozocubu's Refrigeration  Ice            0%         4d5       100%        7
 Necromutation            Tmut/Necr      0%         N/A       100%        8
 Call Imp                 Summ           Unusable   N/A       N/A         2
 Simulacrum               Ice/Necr       Unusable   N/A       N/A         6
 Haunt                    Necr/Summ      Unusable   N/A       N/A         7
 Summon Hydra             Summ           Unusable   N/A       N/A         7

Dungeon Overview and Level Annotations

Branches:
Dungeon (14/15)            Temple (1/1) D:5            Lair (6/6) D:8
 Shoals (1/4) Lair:4       Spider (0/4) Lair:2        Slime (0/5) Lair:5
    Orc (2/2) D:9             Elf (0/3) Orc:2        Vaults (0/5) D:13
 Bailey (visited)         Volcano (visited)         Gauntlet (visited)

Altars:
Ashenzari
Cheibriados
Dithmenos
Elyvilon
Fedhas
Hepliaklqana
Kikubaaqudgha
Okawaru
Uskayaw
Vehumet
Wu Jian
Xom
Zin
Beogh

Shops:
D:11 (   D:13 *[   Orc:1 (   Orc:2 !=(!   Shoals:1 *

Portals:
Trove: D:14 (give 6 scrolls of fog)

Annotations:
Lair:3 Casa


Innate Abilities, Weirdness & Mutations

You have a pair of horns on your head.
You reflexively headbutt those who attack you in melee.
Your magical capacity is low. (-10% MP)


Message History

You start resting.
A merfolk avatar is nearby!
A merfolk avatar is nearby!
The merfolk avatar chants a haunting song.
You resist with almost no effort.
You enter the shallow water.
Moving in this stuff is going to be slow.
Shadowy forms rise from the deep at the merfolk avatar's song!
The merfolk avatar chants a haunting song.
You resist with almost no effort.
Things that are here:
a +2 rapier of draining; a +0 robe Splash!
You fall into the shallow water.
Moving in this stuff is going to be slow.
The merfolk avatar chants a haunting song.
You easily resist.
You feel like a meek peon again. The drowned soul touches you.
The drowned soul drowns you!
* * * LOW HITPOINT WARNING * * *
The merfolk avatar chants a haunting song.
You resist with almost no effort. The drowned soul touches you.
The drowned soul drowns you!
* * * LOW HITPOINT WARNING * * *
Unknown command.
You carve the merfolk avatar like a ham!!!
You feel better.
You headbutt the merfolk avatar!
The merfolk avatar is heavily wounded.
The merfolk avatar chants a haunting song.
You resist with almost no effort.
Unknown command.
You slice the merfolk avatar like a ripe choko!!!
You headbutt the merfolk avatar.
The merfolk avatar is almost dead.
Unknown command.
Your unstable footing causes you to fumble your attack.
The drowned soul touches you. The drowned soul drowns you!
* * * LOW HITPOINT WARNING * * *
The drowned soul touches you. The drowned soul drowns you!
You die...

≈≈≈≈≈≈≈≈≈≈≈≈≈≈≈
≈≈≈≈≈≈≈≈≈≈≈≈≈≈≈.
≈≈≈≈≈≈≈≈≈≈≈.≈≈≈...≈≈≈
≈≈≈≈≈≈≈≈≈≈≈.≈≈≈≈≈.≈≈≈
≈≈≈≈≈≈≈≈≈≈≈...≈≈≈≈≈≈≈
≈≈
≈≈≈≈≈≈≈≈≈≈≈≈..≈≈≈≈≈≈≈
≈≈
W≈≈≈≈≈≈≈≈≈≈≈.≈.>≈≈≈≈≈
≈≈
≈≈≈≈≈≈m@≈≈≈...>≈≈≈≈≈≈
≈≈
≈≈≈≈≈≈≈≈≈≈....≈≈.≈≈≈≈
≈≈
≈W≈≈≈≈≈≈≈≈)##..≈.≈≈≈≈
≈≈
≈≈≈≈≈≈≈≈≈≈)#....≈≈≈≈≈
≈≈
≈≈≈≈≈≈≈≈.)†≈≈..≈≈..≈≈
≈≈
≈≈≈≈≈≈≈≈...≈≈≈≈≈...≈≈
≈≈
≈≈≈≈≈≈≈≈....≈≈≈....≈≈
≈≈
≈≈≈≈≈≈≈........≈≈≈≈≈≈
≈≈
≈≈≈≈≈≈.......≈≈≈≈≈≈≈
≈≈


You could see a merfolk avatar and 2 drowned souls.

Vanquished Creatures
  Saint Roka (Orc:1)
  Mlioglotl (Shoals:1)
  Rupert (Orc:1)
  Jorgrun (Shoals:1)
  Kirke (D:14)
  A fire giant (D:13)
  A frost giant (D:13)
  Louise (Shoals:1)
  A very ugly thing (D:13)
  A stone giant (Volcano)
  A vampire knight (D:13)
  A minotaur (Gauntlet)
  Azrael (D:12)
  An entropy weaver (Gauntlet)
  Snorg (Lair:3)
  A fire dragon (D:9)
  3 merfolk impalers (Shoals:1)
  Fannar (D:12)
  A yaktaur captain (D:13)
  3 boulder beetles
  Harold (Orc:1)
  5 hydras
  3 ogre magi (Orc:2)
  3 merfolk aquamancers (Shoals:1)
  4 centaur warriors (D:14)
  A ghost crab (Gauntlet)
  3 rakshasas
  Erica (D:10)
  6 death yaks
  2 two-headed ogres
  Urug (D:11)
  Sonja (Lair:5)
  A tengu warrior (D:13)
  An iron troll (D:13)
  A fire crab (shapeshifter) (D:13)
  A sea snake (Shoals:1)
  3 orc knights
  2 lindwurms
  A wizard (D:13)
  3 deep elf pyromancers
  8 harpies (Shoals:1)
  4 ugly things
  5 cyclopes
  A faun (Shoals:1)
  9 orc sorcerers
  Maurice (D:11)
  7 manticores
  5 merfolk sirens
  25 elephants
  7 oklob plants
  Joseph (D:7)
  8 black mambas
  3 gargoyles
  5 water nymphs (Shoals:1)
  3 unseen horrors
  2 torpor snails
  A cane toad (shapeshifter) (D:13)
  15 cane toads
  An ice statue (Lair:5)
  4 rime drakes
  A freezing wraith (Lair:5)
  6 komodo dragons
  A demonic crawler (Lair:2)
  2 efreet
  A guardian mummy (D:14)
  An ice devil (Gauntlet)
  6 trolls
  17 polar bears
  A jumping spider (Gauntlet)
  6 merfolk
  Prince Ribbit (D:9)
  2 wind drakes (Shoals:1)
  4 raiju (Lair:6)
  17 slime creatures
  A raiju (shapeshifter) (D:13)
  16 blink frogs
  A centaur simulacrum (D:14)
  3 shadows
  4 vampires
  A redback (Gauntlet)
  7 wyverns
  8 water elementals
  2 wraiths
  2 hogs (D:14)
  A human (D:14)
  3 steam dragons
  6 fire elementals
  A golden eye (shapeshifter) (D:13)
  A basilisk (shapeshifter) (D:13)
  Eustachio (D:4)
  81 yaks
  5 basilisks
  6 vampire mosquitoes (D:12)
  5 wargs
  An acid dragon (D:11)
  Edmund (D:4)
  15 hell hounds
  18 water moccasins
  Duvessa (D:7)
  24 orc warriors
  7 ice beasts
  13 black bears
  A necrophage (D:7)
  6 ogres
  37 wolves
  12 centaurs
  3 phantoms
  4 kobold brigands
  A gnoll sergeant (D:8)
  10 bullfrogs
  4 scorpions
  2 wyvern zombies
  An earth elemental (Volcano)
  Dowan (D:7)
  3 troll zombies (D:9)
  5 killer bees (D:10)
  14 wights
  14 electric eels
  6 howler monkeys
  8 jellies
  11 orc priests
  A centaur zombie (D:7)
  2 hounds
  An iguana (D:5)
  Terence (D:3)
  A scorpion zombie (D:5)
  37 orc wizards
  3 ogre zombies (D:9)
  A howler monkey skeleton (D:6)
  6 gnolls
  8 adders
  3 white imps
  An adder skeleton (D:4)
  4 worms (Lair:2)
  3 dart slugs
  68 orcs
  6 bats
  9 endoplasms
  4 giant cockroaches
  11 goblins
  6 hobgoblins
  7 jackals
  22 kobolds
  A quokka (D:2)
  7 ball pythons
  2 frilled lizards (D:2)
  A goblin skeleton (D:9)
  A hobgoblin skeleton (D:9)
  3 hobgoblin zombies (D:9)
  5 orc skeletons (D:9)
  9 orc zombies (D:9)
  6 rats
  A bush (Lair:6)
868 creatures vanquished.

Vanquished Creatures (others)
  A harpy (Shoals:1)
  An orc wizard (Orc:2)
  A white imp (Lair:5)
  A kobold (D:8)
  38 fungi
  73 plants
115 creatures vanquished.

Grand Total: 983 creatures vanquished

Notes
Turn   | Place    | Note
-------+----------+-------------------------------------------
     0 | D:1      | Peloso the Minotaur Fighter began the quest for the Orb.
     0 | D:1      | Reached XP level 1. HP: 19/19 MP: 0/0
   139 | D:1      | Reached XP level 2. HP: 26/26 MP: 1/1
   342 | D:1      | Found a faded altar of an unknown god.
   725 | D:3      | Reached XP level 3. HP: 33/33 MP: 2/2
   911 | D:3      | Noticed an ice beast
   919 | D:3      | Killed an ice beast
   920 | D:3      | Reached XP level 4. HP: 40/40 MP: 3/3
   920 | D:3      | Reached XP level 5. HP: 46/46 MP: 4/4
  1073 | D:3      | Noticed Terence
  1084 | D:3      | Killed Terence
  1085 | D:3      | Reached skill level 5 in Armour
  1222 | D:3      | Reached skill level 1 in Dodging
  1594 | D:2      | Reached skill level 5 in Shields
  2503 | D:4      | Noticed a phantom
  2519 | D:3      | Killed a phantom
  2520 | D:3      | Reached XP level 6. HP: 53/53 MP: 5/5
  2616 | D:4      | Noticed a steam dragon
  2627 | D:4      | Killed a steam dragon
  2628 | D:4      | Reached skill level 5 in Long Blades
  2633 | D:4      | Reached skill level 5 in Fighting
  2633 | D:4      | Reached XP level 7. HP: 39/61 MP: 6/6
  2798 | D:4      | Noticed Edmund
  2812 | D:4      | Killed Edmund
  3398 | D:4      | Noticed Eustachio
  3435 | D:4      | Killed Eustachio
  3930 | D:5      | Entered Level 5 of the Dungeon
  3943 | D:5      | Reached XP level 8. HP: 65/69 MP: 7/7
  4593 | D:5      | Found a glowing silver altar of Zin.
  4624 | D:5      | Found a staircase to the Ecumenical Temple.
  4797 | Temple   | Entered the Ecumenical Temple
  4925 | Temple   | Became a worshipper of Warmaster Okawaru
  6231 | D:7      | Reached XP level 9. HP: 73/78 MP: 8/8
  6234 | D:7      | Noticed Dowan
  6235 | D:7      | Noticed Duvessa
  6238 | D:7      | Reached skill level 1 in Stealth
  6730 | D:7      | Killed Duvessa
  6733 | D:7      | Killed Dowan
  7036 | D:7      | Reached * piety under Okawaru
  7071 | D:7      | Identified the +4 scale mail "Ripiasod" {Dex+2 Stlth+}
  7261 | D:7      | Noticed Joseph
  7271 | D:7      | Killed Joseph
  7439 | D:7      | Reached skill level 10 in Long Blades
  7745 | D:8      | Identified the +11 rapier of Qazlal's Inspiration {drain,
                  | rN+ Will+ rCorr Int+3}
  7745 | D:8      | Noticed a deep elf pyromancer
  7755 | D:8      | Killed a deep elf pyromancer
  7755 | D:8      | Reached ** piety under Okawaru
  7757 | D:8      | Noticed a boulder beetle
  7901 | D:8      | Killed a boulder beetle
  7901 | D:8      | Reached *** piety under Okawaru
  7902 | D:8      | Reached XP level 10. HP: 39/88 MP: 7/9
  8188 | D:8      | Reached skill level 1 in Short Blades
  8327 | D:8      | Reached **** piety under Okawaru
  8732 | D:8      | Noticed a manticore
  8740 | D:8      | Killed a manticore
  9013 | D:8      | Noticed a rakshasa
  9021 | D:8      | Noticed a manticore
  9025 | D:8      | Killed a rakshasa
  9025 | D:8      | Reached ***** piety under Okawaru
  9026 | D:8      | Reached skill level 10 in Armour
  9029 | D:8      | Killed a manticore
  9030 | D:8      | Reached XP level 11. HP: 27/99 MP: 8/10
  9362 | D:8      | Found a staircase to the Lair.
 10080 | D:8      | Reached skill level 5 in Dodging
 10160 | D:8      | Identified the +1 chain mail of Fakair {rCorr Slay+4}
 10270 | D:8      | Got Xiammi Rioc's Volume of the Blaze
 10371 | D:9      | Reached skill level 10 in Fighting
 10402 | D:9      | Found a flagged portal.
 10438 | Bailey   | Entered a bailey
 10438 | Bailey   | Noticed an orc knight
 10970 | Bailey   | Reached skill level 1 in Polearms
 12025 | Bailey   | Killed an orc knight
 12167 | Bailey   | Noticed an orc knight
 12182 | Bailey   | Killed an orc knight
 12618 | D:9      | Found a staircase to the Orcish Mines.
 12854 | D:9      | Noticed Prince Ribbit
 12894 | D:9      | Killed Prince Ribbit
 12996 | D:9      | Noticed a fire dragon
 13227 | D:9      | Killed a fire dragon
 13640 | D:9      | Received a gift from Okawaru
 14238 | D:10     | Entered Level 10 of the Dungeon
 14412 | D:10     | Reached XP level 12. HP: 92/110 MP: 11/11
 14495 | D:10     | Noticed a death yak
 14528 | D:10     | Killed a death yak
 14990 | D:10     | Noticed Erica
 14997 | D:10     | Killed Erica
 15138 | D:10     | Found a white marble altar of Elyvilon.
 15933 | D:11     | Found Rytass's Antique Weapon Emporium.
 15940 | D:11     | Noticed a two-headed ogre
 15945 | D:11     | Killed a two-headed ogre
 16009 | D:11     | Noticed a five-headed hydra
 16018 | D:11     | Killed a one-headed hydra
 16123 | D:11     | Noticed Maurice
 16132 | D:11     | Killed Maurice
 16347 | D:11     | Noticed Urug
 16363 | D:11     | Killed Urug
 16973 | D:11     | Identified the +0 ring mail of Supple Strength {Int+2}
 17333 | Lair:1   | Entered Level 1 of the Lair of Beasts
 17347 | Lair:1   | Reached skill level 1 in Evocations
 17490 | Lair:1   | Received a gift from Okawaru
 17620 | Lair:1   | Reached skill level 1 in Invocations
 18797 | Lair:1   | Received a gift from Okawaru
 18798 | Lair:1   | Reached XP level 13. HP: 107/122 MP: 13/13
 18811 | Lair:1   | Identified the +2 plate armour "Uxzet" {+Inv rElec}
 19051 | Lair:1   | Found a shimmering altar of Xom.
 19807 | Lair:2   | Received a gift from Okawaru
 19817 | Lair:2   | Reached ****** piety under Okawaru
 19828 | Lair:2   | Identified 2 scrolls of acquirement
 20021 | Lair:2   | Found a blossoming altar of Fedhas.
 20030 | Lair:2   | Reached skill level 15 in Long Blades
 20477 | Lair:2   | Found a hole to the Spider Nest.
 21178 | Lair:3   | Noticed Snorg
 21196 | Lair:3   | Killed Snorg
 22249 | Lair:3   | Reached skill level 10 in Shields
 23509 | Lair:4   | Received a gift from Okawaru
 24999 | Lair:4   | Received a gift from Okawaru
 25141 | Lair:4   | Found a staircase to the Shoals.
 25247 | Lair:5   | Noticed Sonja
 25252 | Lair:5   | Killed Sonja
 25253 | Lair:5   | Reached XP level 14. HP: 109/133 MP: 11/14
 25261 | Lair:5   | Reached skill level 15 in Fighting
 25357 | Lair:5   | Found a dark tunnel.
 25637 | Volcano  | Entered a volcano
 25769 | Volcano  | Noticed a stone giant
 25778 | Volcano  | Killed a stone giant
 26039 | Lair:5   | Found a staircase to the Slime Pits.
 26923 | Lair:5   | Found a blossoming altar of Fedhas.
 27096 | Lair:5   | Received a gift from Okawaru
 27584 | Lair:5   | Identified the +1 robe of Whack-A-Mole {rF+ rC+ Will-}
 28134 | D:12     | Noticed Azrael
 28490 | D:12     | Killed Azrael
 28897 | D:12     | Noticed Fannar
 28903 | D:12     | Reached skill level 15 in Armour
 28916 | D:12     | Killed Fannar
 29462 | Orc:1    | Entered Level 1 of the Orcish Mines
 29487 | Orc:1    | Gained mutation: Your magical capacity is low. (-10% MP) [a
                  | neqoxec]
 29579 | Orc:1    | Noticed Harold
 29591 | Orc:1    | Killed Harold
 29793 | Orc:2    | Entered Level 2 of the Orcish Mines
 29795 | Orc:2    | Noticed Rupert
 30076 | Orc:1    | Killed Rupert
 30582 | Orc:2    | Received a gift from Okawaru
 30665 | Orc:2    | Noticed Saint Roka
 31241 | Orc:1    | Killed Saint Roka
 31695 | Orc:2    | Found a staircase to the Elven Halls.
 32181 | Orc:2    | Reached XP level 15. HP: 111/146 MP: 10/14
 32349 | Orc:2    | Found a radiant altar of Vehumet.
 32561 | Orc:2    | Found Imoa's Distillery.
 32568 | Orc:2    | Bought a potion of berserk rage for 70 gold pieces
 32579 | Orc:2    | Found an ancient bone altar of Kikubaaqudgha.
 32604 | Orc:2    | Found a radiant altar of Vehumet.
 32620 | Orc:2    | Found Qeimuifo's Distillery.
 32669 | Orc:2    | Found Foff's Antique Weapon Shoppe.
 32673 | Orc:2    | Found Pitwiamu's Jewellery Emporium.
 32685 | Orc:2    | Bought the ring "Fucuwniq" {rPois rC+ Str+3 Dex+6 Stlth+}
                  | for 943 gold pieces
 32881 | Orc:1    | Found Tycsehech's Antique Weapon Shop.
 33313 | D:13     | Found Raxaoth's Blood Bar.
 33340 | D:13     | You fall into a shaft and drop 1 floor!
 33433 | D:14     | Found a gate leading to a gauntlet.
 33437 | Gauntlet | Entered a Gauntlet
 33437 | Gauntlet | Found a transporter.
 33437 | Gauntlet | Found a transporter.
 33441 | Gauntlet | Found a transporter.
 33441 | Gauntlet | Found a transporter.
 33455 | Gauntlet | Found a transporter.
 33468 | Gauntlet | Found a transporter.
 33474 | Gauntlet | Found a large runed translucent door.
 33475 | Gauntlet | Found a large runed translucent door.
 33477 | Gauntlet | Found a runed translucent gate.
 33478 | Gauntlet | Found a transporter.
 33478 | Gauntlet | Found a transporter.
 33481 | Gauntlet | Found a transporter.
 33493 | Gauntlet | Found a runed translucent gate.
 33493 | Gauntlet | Found a runed translucent gate.
 33495 | Gauntlet | Found a large runed translucent door.
 33495 | Gauntlet | Found a large runed translucent door.
 33496 | Gauntlet | Found a large runed translucent door.
 33497 | Gauntlet | Found a large runed translucent door.
 33501 | Gauntlet | Found a large runed translucent door.
 33501 | Gauntlet | Found a large runed translucent door.
 33513 | Gauntlet | Found a large runed translucent door.
 33513 | Gauntlet | Found a large runed translucent door.
 33513 | Gauntlet | Found a runed translucent door.
 33513 | Gauntlet | Found a runed translucent door.
 33514 | Gauntlet | Found a transporter.
 33514 | Gauntlet | Found a large runed translucent door.
 33515 | Gauntlet | Found a large runed translucent door.
 33517 | Gauntlet | Found a transporter.
 33560 | Gauntlet | Found a transporter.
 33680 | Gauntlet | Found a transporter.
 33744 | Gauntlet | Identified the ring "Ifodyig" {Str+3 Dex+6 Slay+3}
 33794 | Gauntlet | Found a transporter.
 33821 | Gauntlet | Found a large runed translucent door.
 33821 | Gauntlet | Found a large runed translucent door.
 33822 | Gauntlet | Found a large runed translucent door.
 33823 | Gauntlet | Found a large runed translucent door.
 33848 | Gauntlet | Received a gift from Okawaru
 33855 | Gauntlet | Identified the -6 cloak of the Carpenter {Rampage Dex+7}
 33887 | Gauntlet | Identified the +1 pearl dragon scales of Loss {rN+ rCorr
                  | Int+4}
 33887 | Gauntlet | Identified the ring "Duth" {EV+4 Int+7}
 33908 | Gauntlet | Identified the +1 robe of the Watchman {Fly Will++ Str-4}
 33909 | Gauntlet | Got the Papyrus of Frigorific Unholy Arts
 33914 | Gauntlet | Identified the ring of Vehumet's Whim {Contam EV+4 Str+9
                  | Int-4 Stlth+}
 34715 | D:13     | Found a snail-covered altar of Cheibriados.
 34715 | D:13     | Found Cheibriados's Comfort Zone.
 34856 | D:13     | Acquired 712 gold pieces
 34858 | D:13     | Acquired a +0 vampiric double sword
 35225 | D:13     | Noticed a fire giant
 35230 | D:13     | Killed a fire giant
 35253 | D:13     | Noticed a frost giant
 35263 | D:13     | Killed a frost giant
 35640 | D:13     | Found a gate to the Vaults.
 35806 | D:14     | Found a portal to a secret trove of treasure.
 35972 | D:14     | Received a gift from Okawaru
 36242 | D:14     | Noticed Kirke
 36254 | D:14     | Killed Kirke
 36358 | D:14     | Found a shadowy altar of Dithmenos.
 37244 | Lair:3   | Upgraded the game from 0.28-a0-1159-g27aa881441 to
                  | 0.28-a0-1167-g616b1c6417
 37303 | Lair:6   | Entered Level 6 of the Lair of Beasts
 37452 | Lair:6   | Reached XP level 16. HP: 157/157 MP: 15/15
 37952 | Lair:6   | Received a gift from Okawaru
 39051 | Orc:2    | Bought an amulet of reflection for 330 gold pieces
 39273 | Shoals:1 | Entered Level 1 of the Shoals
 39283 | Shoals:1 | Found Yfrofoawey's General Store.
 39298 | Shoals:1 | Found Rauh's Specific Store.
 39306 | Shoals:1 | Bought 2 potions of heal wounds for 120 gold pieces
 39578 | Shoals:1 | Noticed Louise
 39600 | Shoals:1 | Killed Louise
 39664 | Shoals:1 | Identified the +2 chain mail of Hidat {Dex+6 Slay+3}
 40069 | Shoals:1 | Noticed Mlioglotl
 40084 | Shoals:1 | Killed Mlioglotl
 40402 | Shoals:1 | Noticed Jorgrun
 40425 | Shoals:1 | Killed Jorgrun
 40426 | Shoals:1 | Reached skill level 15 in Shields
 40634 | Shoals:1 | Drowned by a drowned soul

Illustrated notes

Levels and vault maps discovered:
D:1:      heliophobic_arrival_henge, layout_rooms,
          hellmonk_ecumenical_altar_lost_god, fountainhead,
          corexii_leaking_fountain
D:2:      layout_basic, minmay_unequal
D:3:      layout_basic, uniq_terence
D:4:      layout_basic, serial_bayou_pond_d, uniq_eustachio, uniq_edmund
D:5:      layout_cave_pools, zin_academy, temple_pool_b, serial_column_ruins,
          column_ruins_columns_corner, column_ruins_grid_1,
          column_ruins_columns_straight, column_ruins_columns_straight,
          column_ruins_columns_straight
D:6:      layout_gridville, st_stairs_12, hangedman_decor_slide_cut
D:7:      layout_cave_pools, uniq_duvessa, uniq_joseph
D:8:      minmay_tri_box, layout_loops_ring, minmay_lair_entry_grove
D:9:      dragon1_lemuel, layout_loops_corners, zombieorc1_lemuel,
          enter_bailey_3, grunt_decor_cap, uniq_prince_ribbit1
D:10:     argonaut_augean_stables, layout_small_grid, lemuel_doored_altar,
          uniq_erica
D:11:     layout_loops_ring, serial_shops, shop, nicolae_straight_to_the_point,
          uniq_urug, uniq_maurice
D:12:     layout_gridville, uniq_fannar, uniq_azrael
D:13:     minmay_sliced_demisemicircle, layout_basic, david_vaults_4,
          portal_ice_cave_rime, minmay_shop_chei, guppyfry_shop_blood
D:14:     layout_stronghold, nicolae_trove_entry_path_of_doom,
          gauntlet_entry_generic, chequers_serial_rivers_micro_e,
          grunt_dithmenos_smoke, uniq_kirke
Temple:   mainiacjoe_temple_cubbyholes
Lair:1:   minmay_lair_oklob_chamber, layout_cave_pods, basic_altar,
          serial_bayou_ford_a
Lair:2:   layout_layer_cave, nicolae_spider_entry_non_spiders, serial_rivers,
          chequers_serial_rivers_small_3, chequers_serial_rivers_large_b,
          chequers_serial_rivers_micro_e, chequers_serial_rivers_small_a,
          chequers_serial_rivers_room_b, chequers_serial_rivers_small_b,
          basic_altar, serial_bayou_shore_b
Lair:3:   layout_big_grid, gammafunk_lair_bear_cave,
          infiniplex_staircase_pool_2, serial_bayou_shore_a, uniq_snorg
Lair:4:   layout_regular_city, elwin_shoals_entry_stream
Lair:5:   layout_regular_city, minmay_slime_entry_pillars,
          nicolae_volcano_entry_vermiform, hangedman_tree_tricks, st_stairs_7,
          ice2_lemuel, uniq_sonja
Lair:6:   hangedman_lair_caniforms_friends, layout_gridlike
Shoals:1: layout_shoals, nicolae_specific_store, nicolae_shoals_water_booths,
          uniq_louise, uniq_jorgrun, uniq_mlioglotl
Orc:1:    layout_diamond_mine, basic_altar, serial_shops, shop, uniq_harold
Orc:2:    kennysheep_orc_mage_school, layout_diamond_mine, lemuel_statue_altar,
          uniq_saint_roka, uniq_rupert

Skill      XL: |  1  2  3  4  5  6  7  8  9 10 11 12 13 14 15 16 |
---------------+-------------------------------------------------+-----
Shields        | 4 5 6 7 8 9 10 12 13 15 | 15.2
Armour         | 4 5 6 7 9 10 11 12 14 15 16 17 | 17.6
Fighting       | 4 5 6 8 9 11 13 14 16 18 | 18.9
Long Blades    | 3 4 5 7 9 10 11 13 14 15 16 17 18 | 18.7
Dodging        | 1 2 3 4 5 6 |  6.8
Stealth        | 1 2 3 |  3.4
Short Blades   | 4 |  4.7
Polearms       | 2 |  2.5
Evocations     | 1 |  1.4
Invocations    | 1 2 |  2.6
Unarmed Combat | |  0.5

Action                   |  1- 3 |  4- 6 |  7- 9 | 10-12 | 13-15 | 16-18 || total
-------------------------+-------+-------+-------+-------+-------+-------++-------
Melee: Long sword        |    53 |    90 |   233 |       |       |       ||   376
       Headbutt          |     8 |    15 |    59 |   138 |   355 |    97 ||   672
       Scimitar          |       |       |    37 |   546 |   990 |       ||  1573
       Rapier            |       |       |       |    38 |       |       ||    38
       Spear             |       |       |       |    47 |       |       ||    47
       Unarmed           |       |       |       |     7 |       |       ||     7
       Falchion          |       |       |       |       |     3 |       ||     3
       Double sword      |       |       |       |       |   213 |   328 ||   541
Invok: Heroism           |       |       |     1 |     9 |    17 |     3 ||    30
Evoke: Wand              |       |       |       |    15 |       |       ||    15
  Use: Scroll            |     4 |       |     5 |     6 |    27 |       ||    42
       Potion            |       |       |       |     4 |     6 |       ||    10
 Stab: Distracted        |       |       |       |     1 |       |       ||     1
Armor: Scale mail        |    27 |    51 |   137 |    44 |       |       ||   259
       Chain mail        |       |       |       |   141 |   449 |       ||   590
       Skin              |       |       |       |     2 |       |       ||     2
       Plate armour      |       |       |       |       |   297 |   171 ||   468
       Fire dragon scale |       |       |       |       |     1 |       ||     1
Dodge: Dodged            |    40 |    55 |   130 |   225 |   616 |   165 ||  1231
Block: Buckler           |    22 |    16 |    69 |   134 |   460 |   214 ||   915
       Reflection        |       |       |       |       |       |     6 ||     6

Table legend: (Time is in decaauts)
 A = Elapsed time spent in this place.
 B = Non-inter-level travel time spent in this place.
 C = Inter-level travel time spent in this place.
 D = Time resting spent in this place.
 E = Time spent auto-exploring this place.
 F = Levels seen in this place.
 G = Mean time per level.
                   A        B        C        D        E       F      G
               +--------+--------+--------+--------+--------+-----+--------+
         Total |  40200 |  37600 |   2600 |   8106 |  21663 |  27 | 1488.9 |
       Dungeon |  19930 |  18377 |   1553 |   1757 |  13254 |  14 | 1423.6 |
        Temple |    205 |    132 |     73 |      0 |    119 |   1 |  205.0 |
          Lair |  12073 |  11485 |    588 |   2820 |   6197 |   6 | 2012.2 |
        Shoals |   1350 |   1350 |      0 |    247 |    756 |   1 | 1350.0 |
  Orcish Mines |   3422 |   3039 |    383 |   1148 |   1293 |   2 | 1711.0 |
        Bailey |   2077 |   2077 |      0 |   1683 |      0 |   1 | 2077.0 |
       Volcano |    217 |    217 |      0 |      0 |     43 |   1 |  217.0 |
      Gauntlet |    922 |    922 |      0 |    451 |      0 |   1 |  922.0 |
               +--------+--------+--------+--------+--------+-----+--------+

Top non-repeatable levels by time:
     D:8: 2760 daAuts
  Lair:2: 2475 daAuts
  Lair:1: 2358 daAuts
  Lair:3: 2310 daAuts
     D:9: 2285 daAuts
  Bailey: 2077 daAuts
    D:10: 2035 daAuts
  Lair:4: 1994 daAuts
   Orc:1: 1779 daAuts
  Lair:5: 1745 daAuts
     D:6: 1666 daAuts
   Orc:2: 1643 daAuts
    D:11: 1437 daAuts
     D:4: 1425 daAuts
    D:13: 1398 daAuts
